PAA
MERCER ISLAND SCREAMING EAGLES @ ASHEVILLE HIGHLANDERS
05/06/2026
 
TOP OF THE 1ST
Mercer Island Screaming Eagles batting - Pitching for Asheville Highlanders : RHP Gus Gamble
Pitching: RHP Gus Gamble
Batting: SHB León Estrada 0-0: Called Strike
0-1: Ball
1-1: Called Strike
1-2: Ball
2-2: Ball
3-2: Foul Ball, location: 2F
3-2: Foul Ball, location: 2F
3-2: Base on Balls
Batting: LHB Mike Russell 0-0: Swinging Strike
0-1: Ball
1-1: Ball
2-1: Ball
3-1: Fielders Choice at 2nd, 3-6 (Groundball, 34)
Batting: RHB Alfredo García 0-0: Called Strike
0-1: Fly out, F4 (Popup, 3D)
Batting: RHB Leonardo Ramírez 0-0: Ball
1-0: Called Strike
1-1: Foul Ball, location: 2F
1-2: Ball
2-2: Strikes out swinging
Top of the 1st over - 0 run(s), 0 hit(s), 0 error(s), 1 left on base; Mercer Island 0 - Asheville 0
BOTTOM OF THE 1ST
Asheville Highlanders batting - Pitching for Mercer Island Screaming Eagles : RHP Carlos Ortega
Pitching: RHP Carlos Ortega
Batting: SHB John Pemperton 0-0: Called Strike
0-1: Ground out 6-3 (Groundball, 6)
Batting: RHB Jan Gosselin 0-0: Ball
1-0: Ball
2-0: Called Strike
2-1: Swinging Strike
2-2: Ball
3-2: Base on Balls
Batting: SHB Javier Luna 0-0: Foul Ball, location: 2F
0-1: SINGLE (Line Drive, 8LS)
Jan Gosselin to second
Batting: RHB Ed Lastinger 0-0: SINGLE (Line Drive, 56)
Jan Gosselin to third
Javier Luna to second
Runner from 3rd tries for Home, SAFE, throw made at trailing runner, SAFE at third!
Batting: LHB Edward Woodstock 0-0: Ball
1-0: Called Strike
1-1: Ball
2-1: Swinging Strike
2-2: Foul Ball, location: 2F
2-2: Ball
3-2: Base on Balls
Ed Lastinger to second
Batting: RHB Thomas Morris 0-0: Called Strike
0-1: Ball
1-1: Ball
2-1: Swinging Strike
2-2: Ball
3-2: Foul Ball, location: 2F
3-2: Foul Ball, location: 2F
3-2: Foul Ball, location: 2F
3-2: Base on Balls
Javier Luna scores
Ed Lastinger to third
Edward Woodstock to second
Batting: RHB Marshall Attwood 0-0: Ball
1-0: Ball
2-0: Ground out 5-3 (Groundball, 56S)
Ed Lastinger scores
Edward Woodstock to third
Thomas Morris to second
Batting: RHB Miguel Montoya 0-0: Ball
1-0: Called Strike
1-1: Fly out, F8 (Flyball, 8LS)
Bottom of the 1st over - 3 run(s), 2 hit(s), 0 error(s), 2 left on base; Mercer Island 0 - Asheville 3
TOP OF THE 2ND
Mercer Island Screaming Eagles batting - Pitching for Asheville Highlanders : RHP Gus Gamble
Batting: SHB Jorge Velázquez 0-0: Called Strike
0-1: Swinging Strike
0-2: Ball
1-2: Strikes out swinging
Batting: RHB Luis Jiménez 0-0: Ball
1-0: DOUBLE (Line Drive, 7LM)
Batting: RHB Raúl Moreno 0-0: Ball
1-0: Ball
2-0: Ball
3-0: Base on Balls
Batting: RHB Wade Killefer 0-0: SINGLE (Groundball, 4D)
Luis Jiménez to third
Raúl Moreno to second
Runner from 3rd tries for Home, SAFE, throw made home
Batting: RHB Ron Gérard 0-0: SINGLE (Flyball, 9S)
Raúl Moreno to third
Wade Killefer to second
Batting: SHB León Estrada 0-0: Swinging Strike
0-1: Called Strike
0-2: Ball
1-2: Ball
2-2: Foul Ball, location: 2F
2-2: Ball
3-2: Foul Ball, location: 2F
3-2: SINGLE (Line Drive, 34D)
Raúl Moreno scores
Wade Killefer to third
Ron Gérard to second
Runner from 3rd tries for Home, SAFE, throw made home
Batting: LHB Mike Russell 0-0: Swinging Strike
0-1: Foul Ball, location: 2F
0-2: Strikes out looking
Batting: RHB Alfredo García 0-0: Foul Ball, location: 2F
0-1: Ball
1-1: Ball
2-1: Ground out U3 (Groundball, 34)
Top of the 2nd over - 3 run(s), 4 hit(s), 0 error(s), 2 left on base; Mercer Island 3 - Asheville 3
BOTTOM OF THE 2ND
Asheville Highlanders batting - Pitching for Mercer Island Screaming Eagles : RHP Carlos Ortega
Batting: RHB Héctor Gallegos 0-0: Called Strike
0-1: SINGLE (Groundball, 5D)
Batting: SHB John Pemperton 0-0: Called Strike
0-1: Called Strike
0-2: Ball
1-2: Ball
2-2: Ball
3-2: Foul Ball, location: 2F
3-2: Base on Balls
Héctor Gallegos to second
Batting: RHB Jan Gosselin 0-0: Ball
1-0: Fielders Choice at 2nd, 4-6 (Groundball, 4M)
Héctor Gallegos to third
Batting: SHB Javier Luna 0-0: Ball
1-0: Ball
Jan Gosselin steals 2nd base
2-0: Ball
3-0: Called Strike
3-1: Fly out, F7 (Flyball, 7S)
Batting: RHB Ed Lastinger 0-0: Called Strike
0-1: Called Strike
0-2: Ground out 6-3 (Groundball, 56)
Bottom of the 2nd over - 0 run(s), 1 hit(s), 0 error(s), 2 left on base; Mercer Island 3 - Asheville 3
TOP OF THE 3RD
Mercer Island Screaming Eagles batting - Pitching for Asheville Highlanders : RHP Gus Gamble
Batting: RHB Leonardo Ramírez 0-0: Ball
1-0: Ball
2-0: Foul Ball, location: 2F
2-1: SINGLE (Groundball, 4MD)
Batting: SHB Jorge Velázquez 0-0: Foul Ball, location: 2F
0-1: Called Strike
0-2: Grounds into double play, 4-6-3 (Groundball, 4)
Batting: RHB Luis Jiménez 0-0: SINGLE (Line Drive, 6MD)
Batting: RHB Raúl Moreno 0-0: Ball
1-0: Fly out, F4 (Popup, 4S)
Top of the 3rd over - 0 run(s), 2 hit(s), 0 error(s), 1 left on base; Mercer Island 3 - Asheville 3
BOTTOM OF THE 3RD
Asheville Highlanders batting - Pitching for Mercer Island Screaming Eagles : RHP Carlos Ortega
Batting: LHB Edward Woodstock 0-0: Foul Ball, location: 2F
0-1: Foul Ball, location: 2F
0-2: Ball
1-2: Ball
2-2: Ball
3-2: Foul Ball, location: 2F
3-2: Strikes out swinging
Batting: RHB Thomas Morris 0-0: Foul Ball, location: 2F
0-1: SINGLE (Line Drive, 7S)
Batting: RHB Marshall Attwood 0-0: Ball
1-0: Fly out, F9 (Flyball, 9)
Batting: RHB Miguel Montoya 0-0: Swinging Strike
0-1: Ball
1-1: Ball
2-1: Called Strike
2-2: Reached on error, E5 (Groundball, 5)
Thomas Morris to second
Batting: RHB Héctor Gallegos 0-0: Ball
1-0: Swinging Strike
1-1: Ball
2-1: Fly out, F6 (Line Drive, 56)
Bottom of the 3rd over - 0 run(s), 1 hit(s), 1 error(s), 2 left on base; Mercer Island 3 - Asheville 3
TOP OF THE 4TH
Mercer Island Screaming Eagles batting - Pitching for Asheville Highlanders : RHP Gus Gamble
Batting: RHB Wade Killefer 0-0: Called Strike
0-1: Ball
1-1: Foul Ball, location: 2F
1-2: Ball
2-2: Foul Ball, location: 2F
2-2: Foul Ball, location: 2F
2-2: Ground out 6-3 (Groundball, 56)
Batting: RHB Ron Gérard 0-0: Called Strike
0-1: Ball
1-1: Fly out, F8 (Flyball, 8LD)
Batting: SHB León Estrada 0-0: Ball
1-0: Ground out 4-3 (Groundball, 4)
Top of the 4th over - 0 run(s), 0 hit(s), 0 error(s), 0 left on base; Mercer Island 3 - Asheville 3
BOTTOM OF THE 4TH
Asheville Highlanders batting - Pitching for Mercer Island Screaming Eagles : RHP Carlos Ortega
Batting: SHB John Pemperton 0-0: Swinging Strike
0-1: Ball
1-1: Ball
2-1: Ball
3-1: Base on Balls
Batting: RHB Jan Gosselin 0-0: Ball
1-0: Ball
2-0: Called Strike
2-1: Foul Ball, location: 2F
2-2: Ball
3-2: Strikes out swinging
Batting: SHB Javier Luna 0-0: Fly out, F2 (Popup, 25)
Batting: RHB Ed Lastinger 0-0: Ground out 3-1 (Groundball, 3)
Bottom of the 4th over - 0 run(s), 0 hit(s), 0 error(s), 1 left on base; Mercer Island 3 - Asheville 3
TOP OF THE 5TH
Mercer Island Screaming Eagles batting - Pitching for Asheville Highlanders : RHP Gus Gamble
Batting: LHB Mike Russell 0-0: Called Strike
0-1: Called Strike
0-2: Ball
1-2: Foul Ball, location: 2F
1-2: Foul Ball, location: 2F
1-2: Ground out 6-3 (Groundball, 6MS)
Batting: RHB Alfredo García 0-0: Ball
1-0: Ball
2-0: Called Strike
2-1: Called Strike
2-2: Ball
3-2: Fly out, F7 (Flyball, 78M)
Batting: RHB Leonardo Ramírez 0-0: Ball
1-0: Ground out 6-3 (Groundball, 6M)
Top of the 5th over - 0 run(s), 0 hit(s), 0 error(s), 0 left on base; Mercer Island 3 - Asheville 3
BOTTOM OF THE 5TH
Asheville Highlanders batting - Pitching for Mercer Island Screaming Eagles : RHP Carlos Ortega
Batting: LHB Edward Woodstock 0-0: Foul Ball, location: 2F
0-1: Ball
1-1: Called Strike
1-2: Foul Ball, location: 2F
1-2: Ground out 4-3 (Groundball, 34)
Batting: RHB Thomas Morris 0-0: Ball
1-0: Swinging Strike
1-1: Ground out 4-3 (Groundball, 4)
Batting: RHB Marshall Attwood 0-0: Called Strike
0-1: Ground out 5-3 (Groundball, 56)
Bottom of the 5th over - 0 run(s), 0 hit(s), 0 error(s), 0 left on base; Mercer Island 3 - Asheville 3
TOP OF THE 6TH
Mercer Island Screaming Eagles batting - Pitching for Asheville Highlanders : RHP Gus Gamble
Batting: SHB Jorge Velázquez 0-0: SINGLE (Line Drive, 7)
Batting: RHB Luis Jiménez 0-0: Sac Bunt - play at first, batter OUT! 1-4
Jorge Velázquez to second
Batting: RHB Raúl Moreno 0-0: DOUBLE (Line Drive, 7)
Jorge Velázquez scores
Batting: RHB Wade Killefer 0-0: Intentional Walk
Batting: RHB Ron Gérard 0-0: Fly out, F8 (Flyball, 8LM)
Batting: SHB León Estrada 0-0: Foul Ball, location: 2F
0-1: Ball
1-1: Foul Ball, location: 2F
1-2: Foul Ball, location: 2F
1-2: Ball
2-2: Ball
3-2: Foul Ball, location: 2F
3-2: DOUBLE (Line Drive, 78M)
Raúl Moreno scores
Wade Killefer to third
Wade Killefer scores
Pitching: RHP Justin Reynolds
Batting: LHB Mike Russell 0-0: SINGLE (Flyball, 78S)
León Estrada to third
Runner from 3rd tries for Home, SAFE, no throw
Batting: RHB Alfredo García 0-0: Called Strike
0-1: SINGLE (Line Drive, 78S)
Mike Russell to second
Batting: RHB Leonardo Ramírez 0-0: Ball
1-0: Ball
2-0: Called Strike
2-1: Foul Ball, location: 2F
2-2: Strikes out looking
Top of the 6th over - 4 run(s), 5 hit(s), 0 error(s), 2 left on base; Mercer Island 7 - Asheville 3
BOTTOM OF THE 6TH
Asheville Highlanders batting - Pitching for Mercer Island Screaming Eagles : RHP Carlos Ortega
Batting: RHB Miguel Montoya 0-0: Ball
1-0: Ground out 5-3 (Groundball, 56)
Batting: RHB Héctor Gallegos 0-0: Ball
1-0: Called Strike
1-1: Ball
2-1: Ball
3-1: Called Strike
3-2: Ground out 4-3 (Groundball, 4M)
Batting: SHB John Pemperton 0-0: Ball
1-0: Ball
2-0: Swinging Strike
2-1: Ball
3-1: SOLO HOME RUN (Flyball, 89XD), Distance : 406 ft
Batting: RHB Jan Gosselin 0-0: Called Strike
0-1: Ground out 5-3 (Groundball, 5L)
Bottom of the 6th over - 1 run(s), 1 hit(s), 0 error(s), 0 left on base; Mercer Island 7 - Asheville 4
TOP OF THE 7TH
Mercer Island Screaming Eagles batting - Pitching for Asheville Highlanders : RHP Justin Reynolds
Batting: SHB Jorge Velázquez 0-0: DOUBLE (Line Drive, 78D)
Batting: RHB Luis Jiménez 0-0: Ball
1-0: Foul Ball, location: 2F
1-1: Foul Ball, location: 2F
1-2: Strikes out swinging
Batting: RHB Raúl Moreno 0-0: Ball
1-0: Called Strike
1-1: Ball
2-1: Foul Ball, location: 2F
2-2: Ball
3-2: Fly out, F9 (Flyball, 89M)
Batting: RHB Wade Killefer 0-0: Ball
1-0: Called Strike
1-1: SINGLE (Line Drive, 89S)
Jorge Velázquez to third
Runner from 3rd tries for Home, SAFE, no throw
Batting: RHB Ron Gérard 0-0: Foul Ball, location: 2F
0-1: Ball
1-1: Foul Ball, location: 2F
1-2: Foul Ball, location: 2F
1-2: Fielders Choice at 2nd, 4-6 (Groundball, 4)
Top of the 7th over - 1 run(s), 2 hit(s), 0 error(s), 0 left on base; Mercer Island 8 - Asheville 4
BOTTOM OF THE 7TH
Asheville Highlanders batting - Pitching for Mercer Island Screaming Eagles : RHP Carlos Ortega
Batting: SHB Javier Luna 0-0: Ball
1-0: Foul Ball, location: 2F
1-1: Ball
2-1: Ball
3-1: Foul Ball, location: 2F
3-2: SOLO HOME RUN (Flyball, 9D), Distance : 380 ft
Pitching: RHP Greg Davis
Batting: RHB Ed Lastinger 0-0: Ball
1-0: Foul Ball, location: 2F
1-1: Swinging Strike
1-2: Ball
2-2: Fly out, F9 (Flyball, 9LM)
Batting: LHB Edward Woodstock 0-0: Ground out 4-3 (Groundball, 4S)
Batting: RHB Thomas Morris 0-0: Foul Ball, location: 2F
0-1: Ball
1-1: Fly out, F4 (Popup, 4)
Bottom of the 7th over - 1 run(s), 1 hit(s), 0 error(s), 0 left on base; Mercer Island 8 - Asheville 5
TOP OF THE 8TH
Mercer Island Screaming Eagles batting - Pitching for Asheville Highlanders : RHP Justin Reynolds
Batting: SHB León Estrada 0-0: Ball
1-0: Fly out, F9 (Flyball, 9S)
Batting: LHB Mike Russell 0-0: Ball
1-0: Called Strike
1-1: Foul Ball, location: 2F
1-2: Foul Ball, location: 2F
1-2: SINGLE (Groundball, 6MD)
Batting: RHB Alfredo García 0-0: Ball
1-0: Fielders Choice at 2nd, 1-6 (Groundball, 13S)
Batting: RHB Leonardo Ramírez 0-0: DOUBLE (Line Drive, 7LM)
Alfredo García to third
Runner from 3rd tries for Home, throw and OUT!
Top of the 8th over - 0 run(s), 2 hit(s), 0 error(s), 1 left on base; Mercer Island 8 - Asheville 5
BOTTOM OF THE 8TH
Asheville Highlanders batting - Pitching for Mercer Island Screaming Eagles : RHP Greg Davis
Batting: RHB Marshall Attwood 0-0: Swinging Strike
0-1: Foul Ball, location: 2F
0-2: Foul Ball, location: 2F
0-2: Fly out, F8 (Flyball, 89S)
Batting: RHB Miguel Montoya 0-0: Ball
1-0: Ball
2-0: Ball
3-0: Base on Balls
Batting: RHB Héctor Gallegos 0-0: Grounds into double play, 6-4-3 (Groundball, 6D)
Bottom of the 8th over - 0 run(s), 0 hit(s), 0 error(s), 0 left on base; Mercer Island 8 - Asheville 5
TOP OF THE 9TH
Mercer Island Screaming Eagles batting - Pitching for Asheville Highlanders : RHP Justin Reynolds
Batting: SHB Jorge Velázquez 0-0: SINGLE (Groundball, 34D)
Pitching: LHP Joaquín Ramírez
Batting: RHB Luis Jiménez 0-0: Bunted foul
0-1: Bunt missed!
0-2: Ball
1-2: Ball
2-2: Fielders Choice at 2nd, 6-4 (Groundball, 6)
Batting: RHB Raúl Moreno 0-0: Ball
1-0: Ball
2-0: Called Strike
2-1: Swinging Strike
2-2: Ball
3-2: Strikes out swinging
Batting: RHB Wade Killefer 0-0: Ball
1-0: TRIPLE (Flyball, 78XD)
Luis Jiménez scores
Batting: RHB Ron Gérard 0-0: Called Strike
0-1: Ball
1-1: SINGLE (Groundball, 6MD)
Wade Killefer scores
Batting: SHB León Estrada 0-0: SINGLE (Groundball, 56D)
Ron Gérard to second
Batting: LHB Mike Russell 0-0: Called Strike
0-1: Foul Ball, location: 2F
0-2: Ball
1-2: Fielders Choice at 2nd, 6-4 (Groundball, 6)
Top of the 9th over - 2 run(s), 4 hit(s), 0 error(s), 1 left on base; Mercer Island 10 - Asheville 5
BOTTOM OF THE 9TH
Asheville Highlanders batting - Pitching for Mercer Island Screaming Eagles : RHP Greg Davis
Batting: SHB John Pemperton 0-0: Swinging Strike
0-1: Foul Ball, location: 2F
0-2: Ground out 5-3 (Groundball, 25)
Batting: RHB Jan Gosselin 0-0: Foul Ball, location: 2F
0-1: Ground out 4-3 (Groundball, 4)
Batting: SHB Javier Luna 0-0: Ball
1-0: SINGLE (Groundball, 4D)
Batting: RHB Ed Lastinger 0-0: Ball
1-0: Called Strike
1-1: Ground out 4-3 (Groundball, 4MS)
Bottom of the 9th over - 0 run(s), 1 hit(s), 0 error(s), 1 left on base; Mercer Island 10 - Asheville 5
Monday, March 20th, 2017 - OOTP Baseball 17.12 Build 75